Icehogs vs Marlies
Created - January 23, 2023 at 19:22
Goals
|
| Icehogs |
0 |
4 |
1 |
5 |
| Marlies |
1 |
1 |
2 |
4 |
|
Shots
|
| Icehogs |
8 |
13 |
11 |
32 |
| Marlies |
9 |
9 |
13 |
31 |
|
1st period
1. Marlies , Otto Koivula 2 (Matthew Highmore 2, Tobias Lindberg 4) at 0:57
Penalties :
Nicholas Baptiste (Tor) for Hooking (Minor) at 1:35, Mikhail Grigorenko (Roc) for Holding (Minor) at 17:57
2nd period
2. Icehogs , Mikhail Grigorenko 9 (Nick Mattson 15) at 4:00
3. Icehogs , Kevin Fiala 8 (Tanner Richard 17) at 6:11 (PP)
4. Icehogs , Nick Paul 3 (Tanner Richard 18, Mike Reilly 25) at 13:45
5. Marlies , Matthew Highmore 2 (Tobias Lindberg 5, Otto Koivula 1) at 16:26
6. Icehogs , Kurtis Gabriel 6 (Myles Bell 6, Michael Chaput 8) at 19:26
Penalties :
Otto Koivula (Tor) for Holding (Minor) at 5:38
3rd period
7. Icehogs , Mike Reilly 3 (Nick Mattson 16) at 0:08
8. Marlies , Colton Sissons 16 (Pierre-Olivier Joseph 7, Nicholas Baptiste 30) at 9:20 (PP)
9. Marlies , Valentin Zykov 16 (Pierre-Olivier Joseph 8, Nicholas Baptiste 31) at 10:09
Penalties :
Tyler Benson (Tor) for Hooking (Minor) at 3:36, Duncan Siemens (Roc) for Roughing (Minor) at 9:06, Nicholas Baptiste (Tor) for Holding (Minor) at 15:30, Martin Necas (Tor) for Hooking (Minor) at 18:13
Goalie Stats
Mark Visentin (Roc), 27 saves from 31 shots - (0.871), W, 18-8-3, 60:00 minutes
Charlie Lindgren (Tor), 17 saves from 22 shots - (0.773), L, 12-9-0, 40:08 minutes
Logan Thompson (Tor), 10 saves from 10 shots - (1.000), 19:52 minutes
Players Stats for Icehogs
Player Name G A P +/- PIM S H SB GA TA FO MP PP MP PK MP
------------------------------------------------------------------------------------
Andrew Poturalski 0 0 0 0 0 2 0 0 0 0 4/4 7:29 0:00 0:00
Calle Andersson 0 0 0 0 0 0 1 0 0 0 0/0 4:24 0:00 0:00
Curtis Lazar 0 0 0 0 0 5 0 0 2 0 0/0 22:04 4:36 0:33
Dillon Dube 0 0 0 0 0 0 0 0 0 0 0/0 0:09 0:07 0:00
Duncan Siemens 0 0 0 0 2 0 0 0 0 0 0/0 9:29 0:00 0:00
Frederik Gauthier 0 0 0 0 0 5 1 1 0 0 18/34 22:43 4:36 1:12
Jeremy Davies 0 0 0 0 0 0 0 0 0 0 0/0 9:30 0:00 0:00
JJ. Piccinich 0 0 0 0 0 0 0 0 0 0 0/0 0:09 0:07 0:00
Julius Honka 0 0 0 -1 0 2 1 2 0 0 0/0 19:52 3:11 0:58
Kevin Fiala 1 0 1 1 0 3 0 0 0 0 0/0 17:45 3:33 0:00
Kurtis Gabriel 1 0 1 0 0 2 1 0 0 0 0/0 10:50 0:00 0:00
Mattias Janmark 0 0 0 0 0 1 1 1 0 0 0/1 7:54 0:00 0:22
Michael Chaput 0 1 1 0 0 0 1 1 0 0 1/2 11:21 0:00 0:31
Mike Reilly 1 1 2 2 0 1 1 0 2 0 0/0 26:14 5:05 1:15
Mikhail Grigorenko 1 0 1 0 2 4 2 0 0 0 0/1 21:33 4:36 0:00
Myles Bell 0 1 1 0 0 0 0 0 0 0 0/0 10:50 0:00 0:00
Nick Mattson 0 2 2 2 0 1 2 1 1 3 0/0 26:14 5:05 1:15
Nick Paul 1 0 1 1 0 1 3 0 0 2 0/1 17:45 3:33 0:00
Nikita Scherbak 0 0 0 0 0 1 0 0 0 0 0/0 7:29 0:00 0:00
Patrick Russell 0 0 0 0 0 0 0 0 0 0 0/0 0:09 0:07 0:00
Patrick Sieloff 0 0 0 -1 0 1 1 3 0 1 0/0 19:52 3:11 0:58
Ross Johnston 0 0 0 0 0 0 0 0 0 0 0/0 0:42 0:00 0:39
Tanner Richard 0 2 2 1 0 3 3 2 0 0 4/12 18:54 3:33 1:09
Zach Whitecloud 0 0 0 0 0 0 1 0 0 1 0/0 4:24 0:00 0:00
Players Stats for Marlies
Player Name G A P +/- PIM S H SB GA TA FO MP PP MP PK MP
------------------------------------------------------------------------------------
Aleksi Saarela 0 0 0 -1 0 3 3 2 0 1 6/11 17:55 0:58 3:01
Alex Formenton 0 0 0 -1 0 1 1 0 0 0 0/0 13:58 0:58 2:39
Brett Pesce 0 0 0 -1 0 2 0 1 3 0 0/0 28:22 0:54 5:17
Colton Sissons 1 0 1 0 0 6 2 1 0 0 16/31 22:37 1:15 4:45
Dennis Gilbert 0 0 0 0 0 2 1 0 0 1 0/0 12:07 0:00 0:00
Jeff Corbett 0 0 0 -1 0 1 0 1 0 1 0/0 23:28 0:00 5:17
Keaton Thompson 0 0 0 0 0 2 2 0 0 1 0/0 16:58 1:19 2:59
Logan Brown 0 0 0 -1 0 1 1 0 2 0 1/5 11:55 0:00 1:34
Lucas Carlsson 0 0 0 0 0 0 0 3 0 0 0/0 19:31 1:19 2:59
Martin Necas 0 0 0 -1 2 0 1 0 0 0 2/2 14:43 0:58 0:00
Mathieu Olivier 0 0 0 -1 0 1 1 1 0 0 0/0 9:52 0:00 0:00
Matthew Highmore 1 1 2 1 0 2 1 0 0 0 1/2 9:16 0:00 0:23
Nicholas Baptiste 0 2 2 0 4 4 0 0 0 0 1/1 20:49 1:15 2:36
Otto Koivula 1 1 2 1 2 2 1 0 0 0 0/0 8:52 0:00 0:00
Pierre-Olivier Joseph 0 2 2 0 0 2 0 0 1 0 0/0 19:18 0:54 0:00
Tobias Lindberg 0 2 2 1 0 0 1 0 0 0 0/1 8:53 0:00 0:00
Tyler Benson 0 0 0 -1 2 0 2 1 0 1 0/1 15:13 0:00 1:04
Valentin Zykov 1 0 1 0 0 2 2 1 1 0 1/1 17:52 1:15 0:30
3 Stars
1 - Mike Reilly (Roc)
2 - Nick Mattson (Roc)
3 - Tanner Richard (Roc)
Power Play
Icehogs - 1 on 5 Attempt(s) - 20.00%
Marlies - 1 on 2 Attempt(s) - 50.00%
Penalty Kill
Icehogs - 1 on 2 Attempt(s) - 50.00%
- Score 0 goal in Penalty Kill
Marlies - 4 on 5 Attempt(s) - 80.00%
- Score 0 goal in Penalty Kill
Team Stat
Icehogs - Hits : 19 - Faceoff Wins : 27 - Blocked Shots : 11 - Penalty Minutes : 4
Marlies - Hits : 19 - Faceoff Wins : 28 - Blocked Shots : 11 - Penalty Minutes : 10
Official
Referees : Michael Markovic and Kevin Pollock
Linesman : Matt MacPherson and Jonny Murray
Game Notes
Logan Thompson enters game at 0:08 of 3rd period
Finance
Level 1 -- Attendance: 1842 (92.10%) -- Ticket Income $64,470
Level 2 -- Attendance: 1000 (100.00%) -- Ticket Income $15,000
Total Attendance: 2842 (94.73%)
Total Ticket Income: $79,470
Other Income: $3,974
Total Income: $83,444
Icehogs
5 vs 5 Forward
Center Left Wing Right Wing Time % Phy DF OF
1 Frederik Gauthier Mikhail Grigorenko Curtis Lazar 40 1 2 2
2 Tanner Richard Nick Paul Kevin Fiala 30 1 2 2
3 Michael Chaput Myles Bell Kurtis Gabriel 20 1 2 2
4 Andrew Poturalski Mattias Janmark Nikita Scherbak 10 1 2 2
5 vs 5 Defense
Defense Defense Time % Phy DF OF
1 Nick Mattson Mike Reilly 40 1 2 2
2 Patrick Sieloff Julius Honka 30 1 2 2
3 Duncan Siemens Jeremy Davies 20 1 2 2
4 Calle Andersson Zach Whitecloud 10 1 2 2
PowerPlay Forward
Center Left Wing Right Wing Time % Phy DF OF
1 Frederik Gauthier Mikhail Grigorenko Curtis Lazar 60 1 2 2
2 Tanner Richard Nick Paul Kevin Fiala 40 1 2 2
PowerPlay Defense
Defense Defense Time % Phy DF OF
1 Nick Mattson Mike Reilly 60 1 2 2
2 Patrick Sieloff Julius Honka 40 1 2 2
Penalty Kill 4 Players Forward
Center Wing Time % Phy DF OF
1 Frederik Gauthier Tanner Richard 60 1 2 2
2 Mikhail Grigorenko Curtis Lazar 40 1 2 2
Penalty Kill 4 Players Defense
Defense Defense Time % Phy DF OF
1 Nick Mattson Mike Reilly 60 1 2 2
2 Patrick Sieloff Julius Honka 40 1 2 2
Penalty Kill - 3 Players Forward
Forward Time % Phy DF OF
1 Frederik Gauthier 60 1 2 2
2 Tanner Richard 40 1 2 2
Penalty Kill - 3 Players Defense
Defense Defense Time % Phy DF OF
1 Nick Mattson Mike Reilly 60 1 2 2
2 Patrick Sieloff Julius Honka 40 1 2 2
4 vs 4 Forward
Center Wing Time % Phy DF OF
1 Frederik Gauthier Tanner Richard 60 1 2 2
2 Mikhail Grigorenko Curtis Lazar 40 1 2 2
4 vs 4 Defense
Defense Defense Time % Phy DF OF
1 Nick Mattson Mike Reilly 60 1 2 2
2 Patrick Sieloff Julius Honka 40 1 2 2
Last Minutes Offensive
Center Left Wing Right Wing Defense Defense
Frederik Gauthier Mikhail Grigorenko Curtis Lazar Nick Mattson Mike Reilly
Last Minutes Defensive
Center Left Wing Right Wing Defense Defense
Frederik Gauthier Mikhail Grigorenko Curtis Lazar Nick Mattson Mike Reilly
Goaltenders
Starting : Mark Visentin
Backup : Mackenzie Blackwood
Extra Forwards
Normal : Dillon Dube, Patrick Russell, Ross Johnston - PP : Dillon Dube, Patrick Russell - PK : Ross Johnston
Extra Defensemen
Normal : Duncan Siemens, Jeremy Davies, Calle Andersson - PP : Duncan Siemens - PK : Jeremy Davies, Calle Andersson
Penalty Shots
Frederik Gauthier, Tanner Richard, Mikhail Grigorenko, Curtis Lazar, Michael Chaput
Scratches
Andrew Mangiapane (Healthy), Clark Bishop (Healthy), Kristian Reichel (Healthy), Jackson Cates (Healthy), Mitchell Chaffee (Healthy)
Michael Giugovaz (Healthy), Jack LaFontaine (Healthy)
Marlies
5 vs 5 Forward
Center Left Wing Right Wing Time % Phy DF OF
1 Colton Sissons Valentin Zykov Nicholas Baptiste 40 0 2 3
2 Aleksi Saarela Tyler Benson Martin Necas 30 1 2 2
3 Logan Brown Alex Formenton Mathieu Olivier 20 1 2 2
4 Matthew Highmore Otto Koivula Tobias Lindberg 10 1 3 1
5 vs 5 Defense
Defense Defense Time % Phy DF OF
1 Brett Pesce Pierre-Olivier Joseph 40 1 2 2
2 Lucas Carlsson Jeff Corbett 30 1 2 2
3 Dennis Gilbert Keaton Thompson 20 1 2 2
4 Brett Pesce Jeff Corbett 10 1 2 2
PowerPlay Forward
Center Left Wing Right Wing Time % Phy DF OF
1 Colton Sissons Valentin Zykov Nicholas Baptiste 60 1 2 2
2 Aleksi Saarela Alex Formenton Martin Necas 40 1 2 2
PowerPlay Defense
Defense Defense Time % Phy DF OF
1 Brett Pesce Pierre-Olivier Joseph 60 1 2 2
2 Keaton Thompson Lucas Carlsson 40 1 2 2
Penalty Kill 4 Players Forward
Center Wing Time % Phy DF OF
1 Colton Sissons Nicholas Baptiste 60 1 2 2
2 Logan Brown Tyler Benson 40 1 2 2
Penalty Kill 4 Players Defense
Defense Defense Time % Phy DF OF
1 Brett Pesce Jeff Corbett 60 1 2 2
2 Keaton Thompson Lucas Carlsson 40 1 2 2
Penalty Kill - 3 Players Forward
Forward Time % Phy DF OF
1 Colton Sissons 60 1 2 2
2 Logan Brown 40 1 2 2
Penalty Kill - 3 Players Defense
Defense Defense Time % Phy DF OF
1 Brett Pesce Jeff Corbett 60 1 2 2
2 Keaton Thompson Lucas Carlsson 40 1 2 2
4 vs 4 Forward
Center Wing Time % Phy DF OF
1 Colton Sissons Nicholas Baptiste 60 1 2 2
2 Logan Brown Valentin Zykov 40 1 2 2
4 vs 4 Defense
Defense Defense Time % Phy DF OF
1 Brett Pesce Lucas Carlsson 60 1 2 2
2 Pierre-Olivier Joseph Jeff Corbett 40 1 2 2
Last Minutes Offensive
Center Left Wing Right Wing Defense Defense
Colton Sissons Valentin Zykov Nicholas Baptiste Brett Pesce Lucas Carlsson
Last Minutes Defensive
Center Left Wing Right Wing Defense Defense
Colton Sissons Valentin Zykov Nicholas Baptiste Brett Pesce Lucas Carlsson
Goaltenders
Starting : Charlie Lindgren
Backup : Logan Thompson
Extra Forwards
Normal : Aleksi Saarela, Logan Brown, Mathieu Olivier - PP : Aleksi Saarela, Logan Brown - PK : Aleksi Saarela
Extra Defensemen
Normal : Keaton Thompson, Dennis Gilbert, Jeff Corbett - PP : Lucas Carlsson - PK : Brett Pesce, Dennis Gilbert
Penalty Shots
Logan Brown, Martin Necas, Alex Formenton, Nicholas Baptiste, Aleksi Saarela
Scratches
Elias Pettersson (Back Injury), Brycen Martin (Healthy), Marc McLaughlin (Healthy), Henri Ikonen (Healthy), Jaden Lindo (Healthy)
Jakob Forsbacka-Karlsson (Healthy), Dmitri Samorukov (Healthy), Radovan Bondra (Healthy), Simon Bourque (Healthy), Mike Hardman (Healthy)
Jonathan Davidsson (Healthy)
% Time on Ice - Icehogs
Lines # - Real PCT - Wanted PCT - Time Play
Normal Forward
1 - 34% - 40% - 17:00
2 - 29% - 30% - 14:12
3 - 22% - 20% - 10:50
4 - 15% - 10% - 7:29
Normal Defense
1 - 40% - 40% - 19:54
2 - 32% - 30% - 15:43
3 - 19% - 20% - 9:30
4 - 9% - 10% - 4:24
PP Forward
1 - 57% - 60% - 4:43
2 - 43% - 40% - 3:33
PP Defense
1 - 61% - 60% - 5:05
2 - 39% - 40% - 3:11
PK Forward
1 - 75% - 60% - 1:40
2 - 25% - 40% - 0:33
PK Defense
1 - 56% - 60% - 1:15
2 - 44% - 40% - 0:58
PK3 Forward
1 - 0% - 60%
2 - 0% - 40%
PK3 Defense
1 - 0% - 60%
2 - 0% - 40%
44 Forward
1 - 0% - 60%
2 - 0% - 40%
44 Defense
1 - 0% - 60%
2 - 0% - 40%
Last Minute Offensive - 0:00
Last Minute Defensive - 0:00
Total
Forward - 60:00
Defense - 60:00
|
% Time on Ice - Marlies
Lines # - Real PCT - Wanted PCT - Time Play
Normal Forward
1 - 34% - 40% - 17:00
2 - 28% - 30% - 13:46
3 - 20% - 20% - 9:52
4 - 18% - 10% - 8:53
Normal Defense
1 - 39% - 40% - 19:19
2 - 31% - 30% - 15:13
3 - 24% - 20% - 11:40
4 - 7% - 10% - 3:19
PP Forward
1 - 56% - 60% - 1:15
2 - 44% - 40% - 0:58
PP Defense
1 - 41% - 60% - 0:54
2 - 59% - 40% - 1:19
PK Forward
1 - 81% - 60% - 6:42
2 - 19% - 40% - 1:34
PK Defense
1 - 64% - 60% - 5:17
2 - 36% - 40% - 2:59
PK3 Forward
1 - 0% - 60%
2 - 0% - 40%
PK3 Defense
1 - 0% - 60%
2 - 0% - 40%
44 Forward
1 - 0% - 60%
2 - 0% - 40%
44 Defense
1 - 0% - 60%
2 - 0% - 40%
Last Minute Offensive - 0:00
Last Minute Defensive - 0:00
Total
Forward - 60:00
Defense - 60:00
|
Play-by-Play
1st period
0:01 of 1st period - Frederik Gauthier wins face-off versus Colton Sissons in neutral zone.
0:26 of 1st period - Tyler Benson is hit by Nick Paul and loses puck.
0:57 of 1st period - Wrist shot by Otto Koivula.
0:57 of 1st period - Goal by Otto Koivula - Icehogs : 0 - Marlies : 1.
0:58 of 1st period - Andrew Poturalski wins face-off versus Logan Brown in neutral zone.
1:01 of 1st period - Alex Formenton is hit by Mattias Janmark and loses puck.
1:35 of 1st period - Minor Penalty to Nicholas Baptiste for Hooking.
1:36 of 1st period - Frederik Gauthier wins face-off versus Colton Sissons in Marlies zone.
1:36 of 1st period - Wrist shot by Mikhail Grigorenko.
1:36 of 1st period - Stopped by Charlie Lindgren with a rebound.
1:38 of 1st period - Snap shot by Curtis Lazar.
1:38 of 1st period - Deflect By Frederik Gauthier.
1:38 of 1st period - Stopped by Charlie Lindgren without a rebound.
1:39 of 1st period - Colton Sissons wins face-off versus Frederik Gauthier in Marlies zone.
3:35 of 1st period - Penalty to Nicholas Baptiste is over, Nicholas Baptiste is back on ice.
4:13 of 1st period - Off-side.
4:14 of 1st period - Frederik Gauthier wins face-off versus Tobias Lindberg in neutral zone.
4:26 of 1st period - Icing by Dennis Gilbert.
4:27 of 1st period - Matthew Highmore wins face-off versus Tanner Richard in Marlies zone.
4:27 of 1st period - Matthew Highmore is hit by Nick Paul.
4:35 of 1st period - Wrist shot by Kevin Fiala.
4:35 of 1st period - Stopped by Charlie Lindgren without a rebound.
4:36 of 1st period - Martin Necas wins face-off versus Tanner Richard in Marlies zone.
5:28 of 1st period - Nick Paul is hit by Dennis Gilbert.
5:38 of 1st period - Wrist shot by Kevin Fiala.
5:38 of 1st period - Shot Misses the Net.
5:46 of 1st period - Wrist shot by Aleksi Saarela.
5:46 of 1st period - Stopped by Mark Visentin with a rebound.
5:56 of 1st period - Snap shot by Tanner Richard.
5:56 of 1st period - Stopped by Charlie Lindgren without a rebound.
5:57 of 1st period - Colton Sissons wins face-off versus Frederik Gauthier in Marlies zone.
6:02 of 1st period - Wrist shot by Mikhail Grigorenko.
6:02 of 1st period - Shot Blocked by Lucas Carlsson.
6:34 of 1st period - Snap shot by Michael Chaput.
6:34 of 1st period - Shot Misses the Net.
6:54 of 1st period - Brett Pesce is hit by Calle Andersson and loses puck.
7:10 of 1st period - Off-side.
7:11 of 1st period - Frederik Gauthier wins face-off versus Colton Sissons in neutral zone.
7:22 of 1st period - Snap shot by Colton Sissons.
7:22 of 1st period - Shot Misses the Net.
7:30 of 1st period - Snap shot by Curtis Lazar.
7:30 of 1st period - Shot Misses the Net.
7:36 of 1st period - Snap shot by Frederik Gauthier.
7:36 of 1st period - Stopped by Charlie Lindgren with a rebound.
8:00 of 1st period - Snap shot by Colton Sissons.
8:00 of 1st period - Stopped by Mark Visentin without a rebound.
8:01 of 1st period - Michael Chaput wins face-off versus Logan Brown in Icehogs zone.
8:01 of 1st period - Michael Chaput is hit by Logan Brown.
8:15 of 1st period - Snap shot by Logan Brown.
8:15 of 1st period - Deflect By Alex Formenton.
8:15 of 1st period - Stopped by Mark Visentin without a rebound.
8:16 of 1st period - Tanner Richard wins face-off versus Tyler Benson in Icehogs zone.
9:23 of 1st period - Slapshot by Brett Pesce.
9:23 of 1st period - Shot Blocked by Patrick Sieloff.
9:53 of 1st period - Snap shot by Martin Necas.
9:53 of 1st period - Deflect By Aleksi Saarela.
9:53 of 1st period - Stopped by Mark Visentin with a rebound.
10:23 of 1st period - Snap shot by Colton Sissons.
10:23 of 1st period - Shot Misses the Net.
10:31 of 1st period - Snap shot by Colton Sissons.
10:31 of 1st period - Stopped by Mark Visentin with a rebound.
10:33 of 1st period - Snap shot by Colton Sissons.
10:33 of 1st period - Deflect By Nicholas Baptiste.
10:33 of 1st period - Stopped by Mark Visentin with a rebound.
12:57 of 1st period - Wrist shot by Nicholas Baptiste.
12:57 of 1st period - Shot Misses the Net.
13:09 of 1st period - Slapshot by Kevin Fiala.
13:09 of 1st period - Shot Misses the Net.
13:48 of 1st period - Slapshot by Mike Reilly.
13:48 of 1st period - Shot Blocked by Aleksi Saarela.
13:56 of 1st period - Andrew Poturalski is hit by Aleksi Saarela and loses puck.
14:09 of 1st period - Slapshot by Mikhail Grigorenko.
14:09 of 1st period - Stopped by Charlie Lindgren with a rebound.
14:11 of 1st period - Slapshot by Frederik Gauthier.
14:11 of 1st period - Stopped by Charlie Lindgren with a rebound.
14:13 of 1st period - Snap shot by Mikhail Grigorenko.
14:13 of 1st period - Deflect By Frederik Gauthier.
14:13 of 1st period - Shot Misses the Net.
14:13 of 1st period - Puck is out of play.
14:14 of 1st period - Colton Sissons wins face-off versus Frederik Gauthier in Marlies zone.
14:19 of 1st period - Mikhail Grigorenko is hit by Colton Sissons and loses puck.
15:03 of 1st period - Slapshot by Logan Brown.
15:03 of 1st period - Stopped by Mark Visentin with a rebound.
15:14 of 1st period - Logan Brown is hit by Kurtis Gabriel and loses puck.
15:29 of 1st period - Snap shot by Nicholas Baptiste.
15:29 of 1st period - Stopped by Mark Visentin without a rebound.
15:30 of 1st period - Nicholas Baptiste wins face-off versus Frederik Gauthier in Icehogs zone.
16:02 of 1st period - Snap shot by Kevin Fiala.
16:02 of 1st period - Shot Misses the Net.
16:04 of 1st period - Slapshot by Nick Mattson.
16:04 of 1st period - Deflect By Tanner Richard.
16:04 of 1st period - Stopped by Charlie Lindgren with a rebound.
16:06 of 1st period - Snap shot by Nick Mattson.
16:06 of 1st period - Shot Blocked by Tyler Benson.
17:17 of 1st period - Kevin Fiala is hit by Martin Necas.
17:50 of 1st period - Brett Pesce is hit by Mikhail Grigorenko and loses puck.
17:57 of 1st period - Minor Penalty to Mikhail Grigorenko for Holding.
17:58 of 1st period - Frederik Gauthier wins face-off versus Colton Sissons in Icehogs zone.
18:23 of 1st period - Frederik Gauthier is hit by Aleksi Saarela and loses puck.
19:57 of 1st period - Penalty to Mikhail Grigorenko is over, Mikhail Grigorenko is back on ice.
Goals for this period are 0 for Icehogs vs 1 for Marlies.
Shots for this period are 8 for Icehogs vs 9 for Marlies.
2nd period
0:01 of 2nd period - Valentin Zykov wins face-off versus Frederik Gauthier in neutral zone.
1:00 of 2nd period - Off-side.
1:01 of 2nd period - Colton Sissons wins face-off versus Frederik Gauthier in neutral zone.
1:38 of 2nd period - Wrist shot by Aleksi Saarela.
1:38 of 2nd period - Stopped by Mark Visentin without a rebound.
1:39 of 2nd period - Aleksi Saarela wins face-off versus Michael Chaput in Icehogs zone.
2:04 of 2nd period - Pierre-Olivier Joseph is hit by Mikhail Grigorenko and loses puck.
2:28 of 2nd period - Snap shot by Logan Brown.
2:28 of 2nd period - Shot Blocked by Tanner Richard.
2:30 of 2nd period - Slapshot by Brett Pesce.
2:30 of 2nd period - Shot Misses the Net.
2:32 of 2nd period - Snap shot by Alex Formenton.
2:32 of 2nd period - Shot Misses the Net.
2:44 of 2nd period - Wrist shot by Andrew Poturalski.
2:44 of 2nd period - Shot Misses the Net.
2:46 of 2nd period - Snap shot by Mattias Janmark.
2:46 of 2nd period - Shot Misses the Net.
2:48 of 2nd period - Wrist shot by Andrew Poturalski.
2:48 of 2nd period - Shot Misses the Net.
2:50 of 2nd period - Slapshot by Duncan Siemens.
2:50 of 2nd period - Shot Blocked by Jeff Corbett.
2:52 of 2nd period - Wrist shot by Mattias Janmark.
2:52 of 2nd period - Stopped by Charlie Lindgren with a rebound.
3:29 of 2nd period - Snap shot by Colton Sissons.
3:29 of 2nd period - Shot Misses the Net.
3:31 of 2nd period - Slapshot by Colton Sissons.
3:31 of 2nd period - Stopped by Mark Visentin without a rebound.
3:32 of 2nd period - Tanner Richard wins face-off versus Aleksi Saarela in Icehogs zone.
3:46 of 2nd period - Icing by Tyler Benson.
3:47 of 2nd period - Frederik Gauthier wins face-off versus Aleksi Saarela in Marlies zone.
3:54 of 2nd period - Snap shot by Curtis Lazar.
3:54 of 2nd period - Shot Misses the Net.
4:00 of 2nd period - Wrist shot by Mikhail Grigorenko.
4:00 of 2nd period - Goal by Mikhail Grigorenko - Icehogs : 1 - Marlies : 1.
4:01 of 2nd period - Frederik Gauthier wins face-off versus Colton Sissons in neutral zone.
4:41 of 2nd period - Nick Paul is hit by Aleksi Saarela and loses puck.
4:52 of 2nd period - Michael Chaput is hit by Mathieu Olivier and loses puck.
4:59 of 2nd period - Mathieu Olivier is hit by Patrick Sieloff and loses puck.
5:36 of 2nd period - Snap shot by Tanner Richard.
5:36 of 2nd period - Shot Misses the Net.
5:38 of 2nd period - Minor Penalty to Otto Koivula for Holding.
5:39 of 2nd period - Colton Sissons wins face-off versus Frederik Gauthier in Marlies zone.
6:06 of 2nd period - Nicholas Baptiste is hit by Tanner Richard and loses puck.
6:11 of 2nd period - Snap shot by Kevin Fiala.
6:11 of 2nd period - Goal by Kevin Fiala - Icehogs : 2 - Marlies : 1.
6:12 of 2nd period - Frederik Gauthier wins face-off versus Aleksi Saarela in neutral zone.
6:37 of 2nd period - Colton Sissons is hit by Tanner Richard and loses puck.
7:16 of 2nd period - Icing by Brett Pesce.
7:17 of 2nd period - Andrew Poturalski wins face-off versus Matthew Highmore in Marlies zone.
7:20 of 2nd period - Snap shot by Mikhail Grigorenko.
7:20 of 2nd period - Shot Misses the Net.
8:25 of 2nd period - Slapshot by Brett Pesce.
8:25 of 2nd period - Shot Blocked by Mattias Janmark.
8:38 of 2nd period - Icing by Mattias Janmark.
8:39 of 2nd period - Andrew Poturalski wins face-off versus Colton Sissons in Icehogs zone.
8:39 of 2nd period - Andrew Poturalski is hit by Valentin Zykov.
8:46 of 2nd period - Off-side.
8:47 of 2nd period - Frederik Gauthier wins face-off versus Colton Sissons in neutral zone.
9:07 of 2nd period - Off-side.
9:08 of 2nd period - Tanner Richard wins face-off versus Aleksi Saarela in neutral zone.
9:41 of 2nd period - Wrist shot by Frederik Gauthier.
9:41 of 2nd period - Stopped by Charlie Lindgren without a rebound.
9:42 of 2nd period - Frederik Gauthier wins face-off versus Colton Sissons in Marlies zone.
10:00 of 2nd period - Icing by Lucas Carlsson.
10:01 of 2nd period - Colton Sissons wins face-off versus Tanner Richard in Marlies zone.
11:38 of 2nd period - Wrist shot by Andrew Poturalski.
11:38 of 2nd period - Shot Misses the Net.
11:40 of 2nd period - Slapshot by Julius Honka.
11:40 of 2nd period - Stopped by Charlie Lindgren with a rebound.
11:42 of 2nd period - Slapshot by Julius Honka.
11:42 of 2nd period - Stopped by Charlie Lindgren with a rebound.
11:44 of 2nd period - Wrist shot by Andrew Poturalski.
11:44 of 2nd period - Stopped by Charlie Lindgren with a rebound.
12:38 of 2nd period - Wrist shot by Matthew Highmore.
12:38 of 2nd period - Stopped by Mark Visentin with a rebound.
12:40 of 2nd period - Slapshot by Brett Pesce.
12:40 of 2nd period - Shot Misses the Net.
12:53 of 2nd period - Icing by Nick Paul.
12:54 of 2nd period - Martin Necas wins face-off versus Mattias Janmark in Icehogs zone.
12:57 of 2nd period - Slapshot by Aleksi Saarela.
12:57 of 2nd period - Shot Misses the Net.
13:27 of 2nd period - Wrist shot by Nicholas Baptiste.
13:27 of 2nd period - Shot Misses the Net.
13:29 of 2nd period - Slapshot by Jeff Corbett.
13:29 of 2nd period - Stopped by Mark Visentin with a rebound.
13:43 of 2nd period - Snap shot by Tanner Richard.
13:43 of 2nd period - Shot Blocked by Brett Pesce.
13:45 of 2nd period - Wrist shot by Nick Paul.
13:45 of 2nd period - Goal by Nick Paul - Icehogs : 3 - Marlies : 1.
13:46 of 2nd period - Colton Sissons wins face-off versus Frederik Gauthier in neutral zone.
14:04 of 2nd period - Off-side.
14:05 of 2nd period - Aleksi Saarela wins face-off versus Tanner Richard in neutral zone.
14:09 of 2nd period - Pierre-Olivier Joseph is hit by Zach Whitecloud and loses puck.
14:18 of 2nd period - Snap shot by Kevin Fiala.
14:18 of 2nd period - Deflect By Aleksi Saarela.
14:18 of 2nd period - Stopped by Charlie Lindgren with a rebound.
14:58 of 2nd period - Wrist shot by Mathieu Olivier.
14:58 of 2nd period - Stopped by Mark Visentin with a rebound.
15:00 of 2nd period - Slapshot by Keaton Thompson.
15:00 of 2nd period - Stopped by Mark Visentin with a rebound.
15:56 of 2nd period - Snap shot by Kurtis Gabriel.
15:56 of 2nd period - Stopped by Charlie Lindgren with a rebound.
15:58 of 2nd period - Wrist shot by Kurtis Gabriel.
15:58 of 2nd period - Shot Misses the Net.
16:26 of 2nd period - Wrist shot by Matthew Highmore.
16:26 of 2nd period - Goal by Matthew Highmore - Icehogs : 3 - Marlies : 2.
16:27 of 2nd period - Colton Sissons wins face-off versus Frederik Gauthier in neutral zone.
17:07 of 2nd period - Lucas Carlsson is hit by Tanner Richard and loses puck.
17:37 of 2nd period - Wrist shot by Colton Sissons.
17:37 of 2nd period - Shot Blocked by Julius Honka.
17:39 of 2nd period - Snap shot by Nicholas Baptiste.
17:39 of 2nd period - Stopped by Mark Visentin with a rebound.
17:41 of 2nd period - Slapshot by Nicholas Baptiste.
17:41 of 2nd period - Shot Blocked by Patrick Sieloff.
17:43 of 2nd period - Snap shot by Valentin Zykov.
17:43 of 2nd period - Stopped by Mark Visentin without a rebound.
17:44 of 2nd period - Frederik Gauthier wins face-off versus Colton Sissons in Icehogs zone.
17:51 of 2nd period - Colton Sissons is hit by Frederik Gauthier and loses puck.
17:56 of 2nd period - Snap shot by Curtis Lazar.
17:56 of 2nd period - Stopped by Charlie Lindgren with a rebound.
17:58 of 2nd period - Wrist shot by Frederik Gauthier.
17:58 of 2nd period - Stopped by Charlie Lindgren without a rebound.
17:59 of 2nd period - Aleksi Saarela wins face-off versus Tanner Richard in Marlies zone.
17:59 of 2nd period - Aleksi Saarela is hit by Nick Mattson.
18:25 of 2nd period - Curtis Lazar is hit by Valentin Zykov and loses puck.
18:34 of 2nd period - Snap shot by Mikhail Grigorenko.
18:34 of 2nd period - Deflect By Frederik Gauthier.
18:34 of 2nd period - Shot Misses the Net.
18:34 of 2nd period - Puck is out of play.
18:35 of 2nd period - Frederik Gauthier wins face-off versus Logan Brown in Marlies zone.
19:02 of 2nd period - Wrist shot by Nicholas Baptiste.
19:02 of 2nd period - Shot Blocked by Tanner Richard.
19:26 of 2nd period - Snap shot by Kurtis Gabriel.
19:26 of 2nd period - Goal by Kurtis Gabriel - Icehogs : 4 - Marlies : 2.
19:27 of 2nd period - Colton Sissons wins face-off versus Frederik Gauthier in neutral zone.
Goals for this period are 4 for Icehogs vs 1 for Marlies.
Shots for this period are 13 for Icehogs vs 9 for Marlies.
3rd period
0:01 of 3rd period - Colton Sissons wins face-off versus Frederik Gauthier in neutral zone.
0:08 of 3rd period - Slapshot by Mike Reilly.
0:08 of 3rd period - Goal by Mike Reilly - Icehogs : 5 - Marlies : 2.
0:08 of 3rd period - Logan Thompson enters game.
0:09 of 3rd period - Frederik Gauthier wins face-off versus Colton Sissons in neutral zone.
0:36 of 3rd period - Nick Paul is hit by Tyler Benson.
1:04 of 3rd period - Tobias Lindberg is hit by Michael Chaput.
1:24 of 3rd period - Wrist shot by Mathieu Olivier.
1:24 of 3rd period - Shot Misses the Net.
1:26 of 3rd period - Slapshot by Dennis Gilbert.
1:26 of 3rd period - Shot Misses the Net.
1:28 of 3rd period - Slapshot by Keaton Thompson.
1:28 of 3rd period - Shot Hit the Post.
1:30 of 3rd period - Slapshot by Dennis Gilbert.
1:30 of 3rd period - Stopped by Mark Visentin with a rebound.
1:32 of 3rd period - Slapshot by Dennis Gilbert.
1:32 of 3rd period - Stopped by Mark Visentin with a rebound.
2:24 of 3rd period - Lucas Carlsson is hit by Mike Reilly and loses puck.
2:31 of 3rd period - Mike Reilly is hit by Tobias Lindberg and loses puck.
2:44 of 3rd period - Wrist shot by Curtis Lazar.
2:44 of 3rd period - Shot Blocked by Mathieu Olivier.
2:46 of 3rd period - Wrist shot by Julius Honka.
2:46 of 3rd period - Deflect By Curtis Lazar.
2:46 of 3rd period - Shot Blocked by Lucas Carlsson.
2:46 of 3rd period - Puck is out of play.
2:47 of 3rd period - Logan Brown wins face-off versus Frederik Gauthier in Marlies zone.
3:02 of 3rd period - Slapshot by Mathieu Olivier.
3:02 of 3rd period - Shot Blocked by Patrick Sieloff.
3:33 of 3rd period - Patrick Sieloff is hit by Tyler Benson and loses puck.
3:36 of 3rd period - Minor Penalty to Tyler Benson for Hooking.
3:37 of 3rd period - Colton Sissons wins face-off versus Frederik Gauthier in Marlies zone.
5:36 of 3rd period - Penalty to Tyler Benson is over, Tyler Benson is back on ice.
5:47 of 3rd period - Snap shot by Michael Chaput.
5:47 of 3rd period - Shot Blocked by Lucas Carlsson.
6:10 of 3rd period - Slapshot by Matthew Highmore.
6:10 of 3rd period - Shot Misses the Net.
6:26 of 3rd period - Michael Chaput is hit by Keaton Thompson and loses puck.
7:11 of 3rd period - Snap shot by Tanner Richard.
7:11 of 3rd period - Stopped by Logan Thompson without a rebound.
7:12 of 3rd period - Aleksi Saarela wins face-off versus Tanner Richard in Marlies zone.
7:12 of 3rd period - Aleksi Saarela is hit by Nick Paul.
7:36 of 3rd period - Mikhail Grigorenko is hit by Matthew Highmore and loses puck.
8:24 of 3rd period - Myles Bell is hit by Alex Formenton and loses puck.
8:57 of 3rd period - Curtis Lazar is hit by Otto Koivula and loses puck.
9:06 of 3rd period - Minor Penalty to Duncan Siemens for Roughing.
9:07 of 3rd period - Frederik Gauthier wins face-off versus Colton Sissons in Icehogs zone.
9:20 of 3rd period - Snap shot by Pierre-Olivier Joseph.
9:20 of 3rd period - Deflect By Colton Sissons.
9:20 of 3rd period - Goal by Colton Sissons - Icehogs : 5 - Marlies : 3.
9:21 of 3rd period - Frederik Gauthier wins face-off versus Colton Sissons in neutral zone.
9:23 of 3rd period - Off-side.
9:24 of 3rd period - Colton Sissons wins face-off versus Frederik Gauthier in neutral zone.
9:31 of 3rd period - Slapshot by Colton Sissons.
9:31 of 3rd period - Stopped by Mark Visentin with a rebound.
9:33 of 3rd period - Snap shot by Nicholas Baptiste.
9:33 of 3rd period - Stopped by Mark Visentin with a rebound.
9:35 of 3rd period - Slapshot by Brett Pesce.
9:35 of 3rd period - Shot Blocked by Nick Mattson.
9:59 of 3rd period - Snap shot by Nicholas Baptiste.
9:59 of 3rd period - Shot Blocked by Frederik Gauthier.
10:05 of 3rd period - Slapshot by Pierre-Olivier Joseph.
10:05 of 3rd period - Stopped by Mark Visentin with a rebound.
10:09 of 3rd period - Snap shot by Valentin Zykov.
10:09 of 3rd period - Goal by Valentin Zykov - Icehogs : 5 - Marlies : 4.
10:10 of 3rd period - Aleksi Saarela wins face-off versus Tanner Richard in neutral zone.
11:06 of 3rd period - Wrist shot by Andrew Poturalski.
11:06 of 3rd period - Shot Misses the Net.
11:08 of 3rd period - Wrist shot by Andrew Poturalski.
11:08 of 3rd period - Stopped by Logan Thompson without a rebound.
11:09 of 3rd period - Frederik Gauthier wins face-off versus Aleksi Saarela in Marlies zone.
11:10 of 3rd period - Snap shot by Mikhail Grigorenko.
11:10 of 3rd period - Stopped by Logan Thompson with a rebound.
11:43 of 3rd period - Snap shot by Logan Brown.
11:43 of 3rd period - Shot Misses the Net.
11:45 of 3rd period - Snap shot by Jeff Corbett.
11:45 of 3rd period - Shot Hit the Post.
11:47 of 3rd period - Snap shot by Logan Brown.
11:47 of 3rd period - Shot Misses the Net.
12:05 of 3rd period - Wrist shot by Kurtis Gabriel.
12:05 of 3rd period - Shot Blocked by Valentin Zykov.
12:29 of 3rd period - Slapshot by Colton Sissons.
12:29 of 3rd period - Stopped by Mark Visentin without a rebound.
12:30 of 3rd period - Aleksi Saarela wins face-off versus Mikhail Grigorenko in Icehogs zone.
12:58 of 3rd period - Kevin Fiala is hit by Keaton Thompson and loses puck.
13:44 of 3rd period - Slapshot by Pierre-Olivier Joseph.
13:44 of 3rd period - Stopped by Mark Visentin without a rebound.
13:45 of 3rd period - Colton Sissons wins face-off versus Tanner Richard in Icehogs zone.
13:46 of 3rd period - Snap shot by Pierre-Olivier Joseph.
13:46 of 3rd period - Shot Blocked by Julius Honka.
13:48 of 3rd period - Slapshot by Brett Pesce.
13:48 of 3rd period - Shot Misses the Net.
14:16 of 3rd period - Wrist shot by Mikhail Grigorenko.
14:16 of 3rd period - Shot Misses the Net.
15:05 of 3rd period - Slapshot by Otto Koivula.
15:05 of 3rd period - Stopped by Mark Visentin with a rebound.
15:30 of 3rd period - Minor Penalty to Nicholas Baptiste for Holding.
15:31 of 3rd period - Colton Sissons wins face-off versus Frederik Gauthier in Marlies zone.
15:35 of 3rd period - Slapshot by Brett Pesce.
15:35 of 3rd period - Stopped by Mark Visentin without a rebound.
15:36 of 3rd period - Frederik Gauthier wins face-off versus Colton Sissons in Icehogs zone.
15:36 of 3rd period - Frederik Gauthier is hit by Colton Sissons.
15:46 of 3rd period - Wrist shot by Frederik Gauthier.
15:46 of 3rd period - Shot Blocked by Aleksi Saarela.
15:48 of 3rd period - Snap shot by Curtis Lazar.
15:48 of 3rd period - Shot Misses the Net.
15:50 of 3rd period - Snap shot by Curtis Lazar.
15:50 of 3rd period - Stopped by Logan Thompson with a rebound.
15:52 of 3rd period - Wrist shot by Patrick Sieloff.
15:52 of 3rd period - Stopped by Logan Thompson with a rebound.
16:02 of 3rd period - Slapshot by Brett Pesce.
16:02 of 3rd period - Stopped by Mark Visentin without a rebound.
16:03 of 3rd period - Tanner Richard wins face-off versus Colton Sissons in Icehogs zone.
17:30 of 3rd period - Penalty to Nicholas Baptiste is over, Nicholas Baptiste is back on ice.
17:48 of 3rd period - Slapshot by Aleksi Saarela.
17:48 of 3rd period - Shot Blocked by Michael Chaput.
17:50 of 3rd period - Slapshot by Keaton Thompson.
17:50 of 3rd period - Stopped by Mark Visentin with a rebound.
18:04 of 3rd period - Slapshot by Nikita Scherbak.
18:04 of 3rd period - Stopped by Logan Thompson without a rebound.
18:05 of 3rd period - Andrew Poturalski wins face-off versus Logan Brown in Marlies zone.
18:13 of 3rd period - Minor Penalty to Martin Necas for Hooking.
18:14 of 3rd period - Frederik Gauthier wins face-off versus Colton Sissons in Marlies zone.
18:16 of 3rd period - Slapshot by Curtis Lazar.
18:16 of 3rd period - Stopped by Logan Thompson with a rebound.
18:18 of 3rd period - Snap shot by Curtis Lazar.
18:18 of 3rd period - Stopped by Logan Thompson with a rebound.
18:20 of 3rd period - Slapshot by Nick Mattson.
18:20 of 3rd period - Stopped by Logan Thompson without a rebound.
18:21 of 3rd period - Colton Sissons wins face-off versus Frederik Gauthier in Marlies zone.
18:36 of 3rd period - Slapshot by Frederik Gauthier.
18:36 of 3rd period - Shot Blocked by Colton Sissons.
18:38 of 3rd period - Wrist shot by Curtis Lazar.
18:38 of 3rd period - Stopped by Logan Thompson without a rebound.
18:39 of 3rd period - Colton Sissons wins face-off versus Nick Paul in Marlies zone.
19:17 of 3rd period - Jeff Corbett is hit by Julius Honka and loses puck.
19:54 of 3rd period - Keaton Thompson is hit by Nick Mattson and loses puck.
Goals for this period are 1 for Icehogs vs 2 for Marlies.
Shots for this period are 11 for Icehogs vs 13 for Marlies.